AoeStats
← TORRES

Arena

510462666Analyzed
3v3 RM · 14h ago on Oct 1, 2026· 33m 34s· 6 players
Game mode
Random Map
Map size
Normal (6 player)
Population
200
Speed
Normal
Resources
Standard
Victory
Conquest
Starting age
Dark Age
Ending age
Imperial Age
RankedLock teamsTeams togetherTeam positionsShared explorationLock speedFull tech treeHidden civsTurbo modeCheats
Victory
Defeat
🇨🇴 Turks · Colombia
721
+15
🇵🇪 Franks · Peru
667
+17
🇺🇸 Celts · United States
658
+18
🇦🇺 Teutons · Australia
821
-22
🇭🇰 Varangians · Hong Kong SAR China
688
-16
🇺🇸 Romans · United States
592
-12
ZPeach
0:41 Loom
12:54 Feudal Age
13:29 Double-Bit Axe
13:42 Horse Collar
18:27 Wheelbarrow
21:20 Castle Age
19:46 Gold Mining
20:20 Stone Mining
22:41 Bow Saw
23:38 Wheelbarrow
22:52 Town Watch
24:38 Heavy Plow
25:53 Wheelbarrow
25:04 Town Watch
29:38 Fervor
30:43 Stone Shaft Mining
32:51 Hand Cart
33:22 Gambesons
32:57 Man-at-Arms
TORRES
3:06 Loom
14:37 Feudal Age
15:41 Double-Bit Axe
16:17 Stone Mining
16:27 Gold Mining
17:51 Wheelbarrow
22:38 Town Watch
26:03 Castle Age
24:05 Fletching
24:25 Forging
25:42 Padded Archer Armor
25:43 Scale Mail Armor
26:19 Arson
27:00 Squires
27:20 Bow Saw
28:18 Iron Casting
27:59 Pikeman
29:23 Hand Cart
29:13 Bodkin Arrow
30:20 Scale Barding Armor
30:11 Elite Skirmisher
32:19 Chain Mail Armor
Fulgur
11:39 Feudal Age
19:11 Castle Age
24:00 Imperial Age
25:52 Wheelbarrow
27:36 Conscription
27:47 Loom
29:03 Double-Bit Axe
29:11 Fletching
31:22 Bodkin Arrow
32:59 Ballistics
33:00 Bombard Tower
Vegeta079042
11:59 Feudal Age
13:17 Wheelbarrow
17:20 Horse Collar
18:29 Double-Bit Axe
25:21 Castle Age
老歪
0:29 Loom
10:47 Feudal Age
12:36 Double-Bit Axe
17:33 Castle Age
21:02 Bow Saw
25:08 Wheelbarrow
24:48 Stone Mining
25:37 Horse Collar
26:48 Stone Shaft Mining
27:53 Hand Cart
30:25 Forging
30:21 Scale Barding Armor
30:18 Scale Mail Armor
30:24 Fletching
31:32 Heavy Plow
34:20 Imperial Age
31:54 Squires
31:41 Arson
32:32 Gold Mining
Venom8066
10:15 Feudal Age
16:11 Castle Age
14:59 Double-Bit Axe
15:17 Horse Collar
20:08 Stone Mining
27:49 Imperial Age
27:48 Wheelbarrow
27:30 Town Watch
27:56 Heavy Plow
30:12 Hand Cart
29:59 Town Patrol
31:17 Bow Saw
Connection lost

Rejoining the realm…

Still unreachable

The connection could not be restored.

Session expired

The server has moved on; the page needs a fresh start.